Map: Romanticide LE

Players

TerraN

  • Race: Terran Terran

Kelazhur - Winner!

  • Race: Terran Terran

Event: DreamHack SC2 Masters 2021 Fall

VOD

Have the link to the VOD?

Description

Time

  • Played on: July 31, 2021, 4:07 p.m.
  • Length: 7:38

All games in this series

Show
View Real Time Build Order
Export as new Build Order

TerraN Terran 

Build Orders: Reaper Expand 

Get SALT Encoding   

  12  0:00  SCV  
  13  0:12  SCV  
  14  0:17  Supply Depot  
  14  0:24  SCV  
  15  0:39  SCV  
  15  0:40  Barracks  
  16  0:43  Refinery  
  16  0:51  SCV  
  17  1:03  SCV  
  18  1:15  SCV  
  19  1:27  Reaper, Orbital Command  
  20  1:41  Command Center  
  20  1:51  Supply Depot  
  20  1:53  SCV  
  21  1:59  Marine  
  22  2:05  SCV  
  23  2:11  Factory  
  23  2:16  Bunker  
  23  2:17  Marine  
  23  2:21  SCV  
  25  2:25  Refinery  
  25  2:33  SCV  
  25  2:36  Barracks Reactor  
  26  2:45  SCV  
  27  2:54  Orbital Command  
  27  2:57  SCV  
  27  2:58  Hellion  
  30  3:00  Starport  
  30  3:09  SCV  
  31  3:13  Marine x2  
  33  3:20  SCV  
  33  3:21  SCV  
  33  3:22  Factory Tech Lab  
  35  3:31  Marine x2, Supply Depot  
  37  3:34  SCV  
  35  3:49  Marine x2  
  35  3:50  Cyclone  
  35  3:51  SCV x2, Starport Tech Lab  
  41  4:00  Refinery  
  40  4:03  SCV  
  40  4:04  SCV  
  40  4:07  Marine x2  
  40  4:09  Raven  
  46  4:15  SCV  
  48  4:17  SCV, Supply Depot  
  48  4:22  Siege Tank  
  51  4:26  Marine x2  
  51  4:28  SCV  
  54  4:33  Supply Depot  
  54  4:38  SCV  
  54  4:40  SCV  
  54  4:42  Command Center  
  56  4:47  Marine  
  56  4:49  Marine  
  56  4:51  SCV  
  56  4:52  Raven  
  61  4:54  SCV  
  61  4:59  Supply Depot  
  62  5:03  Refinery, SCV  
  62  5:05  Siege Tank  
  67  5:07  SCV  
  67  5:13  Marine x2  
  69  5:15  SCV  
  69  5:20  SCV  
  69  5:21  Barracks  
  71  5:23  Barracks  
  71  5:27  SCV  
  72  5:30  Supply Depot  
  72  5:33  SCV  
  73  5:39  SCV  
  73  5:42  Engineering Bay  
  73  5:43  Engineering Bay  
  73  5:47  SCV  
  74  5:50  Viking x2  
  74  5:52  Stimpack  
  74  5:53  Marine  
  79  5:58  SCV  
  79  5:59  Orbital Command  
  80  6:07  SCV  
  80  6:09  Barracks Reactor  
  81  6:12  Barracks x2  
  81  6:13  Barracks Reactor  
  81  6:14  SCV  
  81  6:15  Marine  
  81  6:18  Siege Tank  
  86  6:19  SCV  
  86  6:23  Orbital Command  
  85  6:35  Viking x2  
  85  6:38  SCV x2  
  91  6:40  Marine  
  92  6:49  Supply Depot  
  92  6:50  SCV x2  
  92  6:53  Siege Tank  
  97  6:55  SCV  
  97  6:56  Refinery, Marine  
  97  6:57  Marine x2  
  97  6:58  Refinery  
  101  7:02  Barracks Reactor  
  101  7:03  Supply Depot  
  101  7:04  Marine  
  101  7:11  Marine  
  101  7:14  Marine  
Show
View Real Time Build Order
Export as new Build Order

Kelazhur Terran - Winner!

Build Orders:  

Get SALT Encoding   

  12  0:00  SCV  
  13  0:12  SCV  
  14  0:17  Supply Depot  
  14  0:25  SCV  
  15  0:38  SCV  
  15  0:40  Barracks  
  16  0:43  Refinery  
  16  0:50  SCV  
  16  0:52  Refinery  
  17  1:03  SCV  
  18  1:15  SCV  
  19  1:28  Reaper, Orbital Command  
  20  1:43  Supply Depot, Factory  
  20  1:54  SCV  
  21  2:00  Reaper  
  22  2:06  SCV  
  23  2:18  SCV  
  24  2:23  Command Center  
  24  2:28  Hellion  
  26  2:30  SCV  
  26  2:34  Reaper  
  28  2:39  Supply Depot  
  28  2:42  SCV  
  29  2:50  Widow Mine  
  31  2:55  Starport  
  31  3:01  SCV  
  32  3:06  Barracks Reactor  
  32  3:11  Factory Tech Lab  
  32  3:14  SCV  
  33  3:22  Refinery  
  33  3:26  SCV  
  34  3:32  Cyclone, Starport Tech Lab  
  37  3:35  Orbital Command  
  37  3:38  SCV  
  38  3:48  Marine x2  
  39  3:50  SCV  
  40  3:56  Raven  
  38  4:04  SCV x2  
  38  4:05  Marine x2  
  45  4:10  Siege Tank  
  45  4:16  SCV x2  
  47  4:22  Command Center  
  47  4:30  SCV x2  
  51  4:34  Supply Depot  
  50  4:39  Raven  
  50  4:42  SCV x2  
  53  4:47  Supply Depot  
  53  4:50  Marine  
  54  4:55  Marine, SCV x2, Siege Tank  
  54  4:59  Supply Depot  
  60  5:08  SCV x2  
  60  5:09  Marine  
  60  5:13  Marine  
  64  5:20  SCV x2  
  66  5:22  Barracks x2  
  66  5:31  Siege Tank  
  66  5:32  SCV x2  
  66  5:35  Orbital Command  
  71  5:36  Viking  
  71  5:39  Viking  
  75  5:43  Refinery  
  75  5:44  SCV  
  75  5:47  SCV  
  75  5:48  Marine  
  75  5:49  Stimpack  
  78  5:56  SCV, Orbital Command  
  79  6:03  Siege Tank  
  82  6:06  Viking  
  82  6:11  Viking  
  87  6:15  SCV x2  
  87  6:17  Marine  
  91  6:21  Barracks Reactor x2, Engineering Bay  
  91  6:22  Engineering Bay  
  91  6:23  SCV, Supply Depot  
  90  6:30  SCV  
  90  6:35  Siege Tank  
  93  6:44  Supply Depot  
  93  6:45  Marine, Supply Depot, Viking, SCV x2  
  98  6:52  SCV  
  99  6:55  Refinery  
  99  6:57  SCV x2  
  101  7:06  SCV  
  102  7:09  SCV  
  106  7:23  SCV  

Tags
 
Add a new tag
Caveats
  • Supply blocks, unpowered buildings, or Contaminate may cause inaccurate times.
  • Supply counts are checked every 10 seconds.